 Dungeon Crawl Stone Soup version 0.23.2-1-ga50397a (webtiles) character file.

Game seed: 11162852634490373006

94 Fang the Skirmisher (level 4, -2/43 HPs)
             Began as a Gargoyle Berserker on Apr 26, 2019.
             Was a Believer of Trog.
             Slain by a hound (5 damage)
             ... on level 4 of the Dungeon on Apr 29, 2019.
             The game lasted 00:02:31 (1920 turns).

Fang the Skirmisher (Gargoyle Berserker)            Turns: 1920, Time: 00:02:31

Health: -2/43      AC:  5    Str: 26    XL:     4   Next: 63%
Magic:  4/4        EV: 12    Int:  8    God:    Trog [**....]
Gold:   59         SH:  0    Dex:  9    Spells: 3/3 levels left

rFire    . . .     SeeInvis .   a - +0 war axe
rCold    . . .     Gourm    .   (no shield)
rNeg     + . .     Faith    .   b - +0 animal skin
rPois    ∞         Spirit   .   (no helmet)
rElec    +         Reflect  .   (no cloak)
rCorr    .         Harm     .   (no gloves)
MR       .....                  (no boots)
Stlth    ..........             (no amulet)
HPRegen  0.14/turn              (no ring)
MPRegen  0.09/turn              (no ring)

@: berserking, very quick
A: negative energy resistance 1, electricity resistance, unbreathing,
petrification resistance, rot immunity, AC +3
a: Berserk, Trog's Hand, Renounce Religion


You were on level 4 of the Dungeon.
You worshipped Trog.
Trog was pleased with you.
You were hungry.

You visited 1 branch of the dungeon, and saw 3 of its levels.

You collected 59 gold pieces.

Inventory:

Hand Weapons
 a - a +0 war axe (weapon)
Armour
 b - a +0 animal skin (worn)
Scrolls
 e - a scroll of teleportation {unknown}
 f - a scroll of magic mapping {unknown}
 h - a scroll of enchant weapon {unknown}
 i - 2 scrolls of identify {unknown}
 j - a scroll of fear {unknown}
 q - a scroll of remove curse {unknown}
Potions
 d - 2 potions of lignification {unknown}
 g - a potion of flight {unknown}
 l - a potion of brilliance {unknown}
 m - a potion of ambrosia {unknown}
 n - a potion of might {unknown}
 o - a potion of invisibility {unknown}
 p - a potion of curing {unknown}
Comestibles
 c - a ration
 k - a chunk of flesh


   Skills:
 + Level 4.0 Fighting
 + Level 3.3 Axes
 + Level 3.1 Armour
 + Level 2.3 Dodging


You had 3 spell levels left.
You didn't know any spells.
Your spell library was empty.

Dungeon Overview and Level Annotations

Branches:
Dungeon (2/15)

Altars:


Innate Abilities, Weirdness & Mutations

You are resistant to torment.
Your stone body is resilient. (AC +3)
You are immune to poison.
You resist negative energy. (rN+)
You are resistant to electric shocks. (rElec)
You can survive without breathing.
You are immune to petrification.
You are immune to rotting.


Message History

You miss the hound.
The hound is heavily wounded.
The hound closely misses you. The hound barely misses you.
You barely miss the hound.
The hound is heavily wounded.
The hound bites you.
* * * LOW HITPOINT WARNING * * *
You closely miss the hound.
The hound is heavily wounded.
The hound barely misses you.
You hit the hound.
The hound is severely wounded.
The hound bites you.
* * * LOW HITPOINT WARNING * * *
The hound bites you.
* * * LOW HITPOINT WARNING * * *
You miss the hound.
The hound is severely wounded.
The hound bites you.
You die...

#.###...)......
#.#............
#..............
####..............
#.....##..........
#.##.###.........÷
#.##............##
#.#####.######.########
...?.!†@# #.# .....>[h#
#.# #.####... #.# #.$..
#.# ...... #.# ##.....#
.....## ###.##


You could see a hound.

Vanquished Creatures
  A worker ant (D:4)
  A hound zombie (D:4)
  An adder (D:4)
  2 worms
  2 dart slugs (D:1)
  2 leopard geckos
  An orc (D:4)
  2 giant cockroaches (D:1)
  A goblin (D:1)
  6 hobgoblins (D:1)
  5 kobolds
  2 bats (D:1)
  A frilled lizard (D:1)
  6 rats
33 creatures vanquished.

Notes
Turn   | Place    | Note
-------+----------+-------------------------------------------
     0 | D:1      | Fang the Gargoyle Berserker began the quest for the Orb.
     0 | D:1      | Reached XP level 1. HP: 14/14 MP: 1/1
    59 | D:1      | Reached XP level 2. HP: 12/19 MP: 2/2
   791 | D:1      | Reached XP level 3. HP: 22/23 MP: 3/3
  1496 | D:2      | You fall through a shaft for 2 floors!
  1545 | D:4      | Reached ** piety under Trog
  1545 | D:4      | Reached XP level 4. HP: 14/29 MP: 4/4
  1819 | D:4      | Reached skill level 4 in Fighting
  1919 | D:4      | HP: 2/43 [hound (1)]
  1920 | D:4      | Slain by a hound

Skill      XL: |  1  2  3  4 |
---------------+-------------+-----
Axes           | 3 |  3.3
Dodging        | 2 |  2.3
Armour         | 3 |  3.1
Fighting       | 4 |  4.0

Action                   |  1- 3 |  4- 6 || total
-------------------------+-------+-------++-------
Melee: Hand axe          |   124 |    21 ||   145
       War axe           |       |    18 ||    18
Invok: Berserk           |     2 |     1 ||     3
  Eat: Chunk             |     3 |     2 ||     5
Armor: Animal skin       |    43 |    23 ||    66
Dodge: Dodged            |    84 |    38 ||   122
